TOP OF THE 1ST |
Colorado Commanders batting - Pitching for Surrey Sinners : RHP Chris Marshall
|
Pitching: RHP Chris Marshall
|
|
Batting: RHB Emiel van Rhee
|
0-0: Ball 1-0: Foul Ball, location: 2F 1-1: Ball 2-1: Swinging Strike 2-2: Foul Ball, location: 2F 2-2: Ball 3-2: Base on Balls
|
Batting: LHB Rafael Delgado
|
0-0: Swinging Strike 0-1: DOUBLE (Flyball, 7LD) Emiel van Rhee to third
|
Batting: RHB Emílio Bruno
|
0-0: Called Strike 0-1: Ball 1-1: Ball 2-1: Ground out 4-3 (Groundball, 4) Emiel van Rhee scores Rafael Delgado to third
|
Batting: RHB Diego Francisco
|
0-0: Called Strike 0-1: Ball 1-1: Ball 2-1: Ball 3-1: Called Strike 3-2: Strikes out looking
|
Batting: SHB George Adams
|
0-0: Called Strike 0-1: Ball 1-1: Foul Ball, location: 2F 1-2: Strikes out swinging
|
Top of the 1st over - 1 run(s), 1 hit(s), 0 error(s), 1 left on base; Colorado 1 - Surrey 0 |
BOTTOM OF THE 1ST |
Surrey Sinners batting - Pitching for Colorado Commanders : RHP Kenshin Kubota
|
Pitching: RHP Kenshin Kubota
|
|
Batting: RHB Gustavo Torres
|
0-0: Foul Ball, location: 2F 0-1: SINGLE (Flyball, 9S)
|
Batting: RHB José Toro
|
0-0: Ball 1-0: Ball Gustavo Torres steals 2nd base 2-0: Fly out, F8 (Line Drive, 8RM)
|
Batting: RHB Víctor Arredondo
|
0-0: Ground out 1-3 (Groundball, 15)
|
Batting: RHB Max Alexander
|
0-0: Called Strike 0-1: Ball 1-1: Ball 2-1: Ball 3-1: Base on Balls
|
Batting: RHB Miguel Palácios
|
0-0: Called Strike 0-1: Ball Wild Pitch! Gustavo Torres to third Max Alexander to second 1-1: Swinging Strike 1-2: Strikes out swinging
|
Bottom of the 1st over - 0 run(s), 1 hit(s), 0 error(s), 2 left on base; Colorado 1 - Surrey 0 |
TOP OF THE 2ND |
Colorado Commanders batting - Pitching for Surrey Sinners : RHP Chris Marshall
|
Batting: LHB Gary Kern
|
0-0: Ball 1-0: Ball 2-0: Called Strike 2-1: Foul Ball, location: 2F 2-2: Foul Ball, location: 2F 2-2: Strikes out swinging
|
Batting: LHB John Nicholson
|
0-0: Ball 1-0: Ball 2-0: Ball 3-0: Called Strike 3-1: Foul Ball, location: 2F 3-2: Foul Ball, location: 2F 3-2: SINGLE (Groundball, 34D)
|
Batting: SHB Scott Compton
|
0-0: Fly out, F7 (Flyball, 7D) Runner from 1st tags up, SAFE at 2nd
|
Batting: SHB Ángel Díaz
|
0-0: Called Strike 0-1: Fly out, F7 (Flyball, 7S)
|
Top of the 2nd over - 0 run(s), 1 hit(s), 0 error(s), 1 left on base; Colorado 1 - Surrey 0 |
BOTTOM OF THE 2ND |
Surrey Sinners batting - Pitching for Colorado Commanders : RHP Kenshin Kubota
|
Batting: LHB Buddy Rice
|
0-0: Ball 1-0: Ball 2-0: Fly out, F7 (Flyball, 78M)
|
Batting: RHB Dave Anderson
|
0-0: Called Strike 0-1: SINGLE (Line Drive, 6MD)
|
Batting: RHB Omar Tobías
|
0-0: Ball 1-0: Foul Ball, location: 2F 1-1: Swinging Strike 1-2: Ball 2-2: Foul Ball, location: 2F 2-2: Ball 3-2: Strikes out looking
|
Batting: RHB Lorne Witcher
|
0-0: Ball Dave Anderson is caught stealing 2nd base
|
Bottom of the 2nd over - 0 run(s), 1 hit(s), 0 error(s), 0 left on base; Colorado 1 - Surrey 0 |
TOP OF THE 3RD |
Colorado Commanders batting - Pitching for Surrey Sinners : RHP Chris Marshall
|
Batting: RHB Emiel van Rhee
|
0-0: Ball 1-0: Ball 2-0: Ball 3-0: Called Strike 3-1: Fly out, F7 (Flyball, 7M)
|
Batting: LHB Rafael Delgado
|
0-0: Called Strike 0-1: Swinging Strike 0-2: Strikes out looking
|
Batting: RHB Emílio Bruno
|
0-0: Called Strike 0-1: Swinging Strike 0-2: Ball 1-2: Ground out 4-3 (Groundball, 34)
|
Top of the 3rd over - 0 run(s), 0 hit(s), 0 error(s), 0 left on base; Colorado 1 - Surrey 0 |
BOTTOM OF THE 3RD |
Surrey Sinners batting - Pitching for Colorado Commanders : RHP Kenshin Kubota
|
Batting: RHB Lorne Witcher
|
0-0: Foul Ball, location: 2F 0-1: Foul Ball, location: 2F 0-2: Foul Ball, location: 2F 0-2: Foul Ball, location: 2F 0-2: Ball 1-2: Strikes out swinging
|
Batting: RHB Gustavo Torres
|
0-0: Bunt for hit - play at first, batter safe!
|
Batting: RHB José Toro
|
0-0: Ball Gustavo Torres steals 2nd base 1-0: Ball 2-0: Foul Ball, location: 2F 2-1: Ball 3-1: Base on Balls
|
Batting: RHB Víctor Arredondo
|
0-0: Called Strike Gustavo Torres steals 3rd base José Toro to second 0-1: Ball 1-1: Ball 2-1: Foul Ball, location: 2F 2-2: Ball 3-2: Foul Ball, location: 2F 3-2: Base on Balls
|
Batting: RHB Max Alexander
|
0-0: Called Strike 0-1: Fly out, F8 (Flyball, 8RXD) Runner from 3rd tags up, SCORES, no throw José Toro to third
|
Batting: RHB Miguel Palácios
|
0-0: Fly out, F4 (Line Drive, 4MD)
|
Bottom of the 3rd over - 1 run(s), 1 hit(s), 0 error(s), 2 left on base; Colorado 1 - Surrey 1 |
TOP OF THE 4TH |
Colorado Commanders batting - Pitching for Surrey Sinners : RHP Chris Marshall
|
Batting: RHB Diego Francisco
|
0-0: Ball 1-0: Swinging Strike 1-1: Swinging Strike 1-2: Strikes out swinging
|
Batting: SHB George Adams
|
0-0: Foul Ball, location: 2F 0-1: Called Strike 0-2: Foul Ball, location: 2F 0-2: Ball 1-2: DOUBLE (Flyball, 8RM)
|
Batting: LHB Gary Kern
|
0-0: Called Strike 0-1: Foul Ball, location: 2F 0-2: Strikes out swinging
|
Batting: LHB John Nicholson
|
0-0: Called Strike 0-1: Called Strike 0-2: Ball 1-2: Strikes out looking
|
Top of the 4th over - 0 run(s), 1 hit(s), 0 error(s), 1 left on base; Colorado 1 - Surrey 1 |
BOTTOM OF THE 4TH |
Surrey Sinners batting - Pitching for Colorado Commanders : RHP Kenshin Kubota
|
Batting: LHB Buddy Rice
|
0-0: Called Strike 0-1: Called Strike 0-2: Strikes out swinging
|
Batting: RHB Dave Anderson
|
0-0: Fly out, F4 (Line Drive, 4M)
|
Batting: RHB Omar Tobías
|
0-0: Ball 1-0: Ball 2-0: Ball 3-0: Called Strike 3-1: Called Strike 3-2: Base on Balls
|
Batting: RHB Lorne Witcher
|
0-0: Fly out, F9 (Flyball, 89M)
|
Bottom of the 4th over - 0 run(s), 0 hit(s), 0 error(s), 1 left on base; Colorado 1 - Surrey 1 |
TOP OF THE 5TH |
Colorado Commanders batting - Pitching for Surrey Sinners : RHP Chris Marshall
|
Batting: SHB Scott Compton
|
0-0: Called Strike 0-1: Ball 1-1: Fly out, F8 (Flyball, 8LD)
|
Batting: SHB Ángel Díaz
|
0-0: Foul Ball, location: 2F 0-1: Foul Ball, location: 2F 0-2: SINGLE (Groundball, 4MD)
|
Batting: RHB Emiel van Rhee
|
0-0: Ball 1-0: Fly out, F4 (Popup, 34)
|
Batting: LHB Rafael Delgado
|
0-0: Ball Ángel Díaz is caught stealing 2nd base
|
Top of the 5th over - 0 run(s), 1 hit(s), 0 error(s), 0 left on base; Colorado 1 - Surrey 1 |
BOTTOM OF THE 5TH |
Surrey Sinners batting - Pitching for Colorado Commanders : RHP Kenshin Kubota
|
Batting: RHB Gustavo Torres
|
0-0: Called Strike 0-1: Swinging Strike 0-2: Foul Ball, location: 2F 0-2: Ground out U3 (Groundball, 3L)
|
Batting: RHB José Toro
|
0-0: Ball 1-0: Fly out, F8 (Line Drive, 8LM)
|
Batting: RHB Víctor Arredondo
|
0-0: Ball 1-0: Ball 2-0: Ball 3-0: Base on Balls
|
Batting: RHB Max Alexander
|
0-0: Ball 1-0: Ball 2-0: Swinging Strike 2-1: DOUBLE (Flyball, 7LM) Víctor Arredondo to third Runner from 3rd tries for Home, SAFE, no throw or cutoff
|
Batting: RHB Miguel Palácios
|
0-0: Ball 1-0: Swinging Strike 1-1: Ball 2-1: Foul Ball, location: 2F 2-2: Foul Ball, location: 2F 2-2: Ground out 6-3 (Groundball, 6)
|
Bottom of the 5th over - 1 run(s), 1 hit(s), 0 error(s), 1 left on base; Colorado 1 - Surrey 2 |
TOP OF THE 6TH |
Colorado Commanders batting - Pitching for Surrey Sinners : RHP Chris Marshall
|
Batting: LHB Rafael Delgado
|
0-0: Swinging Strike 0-1: Ball 1-1: Ground out 5-3 (Groundball, 56)
|
Batting: RHB Emílio Bruno
|
0-0: Fly out, F8 (Flyball, 8LM)
|
Batting: RHB Diego Francisco
|
0-0: Ball 1-0: Ball 2-0: Ground out 4-3 (Groundball, 4MS)
|
Top of the 6th over - 0 run(s), 0 hit(s), 0 error(s), 0 left on base; Colorado 1 - Surrey 2 |
BOTTOM OF THE 6TH |
Surrey Sinners batting - Pitching for Colorado Commanders : RHP Kenshin Kubota
|
Batting: LHB Buddy Rice
|
0-0: Called Strike 0-1: Ball 1-1: Fly out, F7 (Flyball, 78S)
|
Batting: RHB Dave Anderson
|
0-0: Ball 1-0: Ground out 6-3 (Groundball, 6)
|
Batting: RHB Omar Tobías
|
0-0: Ball 1-0: Swinging Strike 1-1: SINGLE (Groundball, 4MD) (infield hit)
|
Pitching: RHP Tomás Rodríguez
|
|
Batting: RHB Lorne Witcher
|
0-0: Ground out 4-3 (Groundball, 4)
|
Bottom of the 6th over - 0 run(s), 1 hit(s), 0 error(s), 1 left on base; Colorado 1 - Surrey 2 |
TOP OF THE 7TH |
Colorado Commanders batting - Pitching for Surrey Sinners : RHP Chris Marshall
|
Batting: SHB George Adams
|
0-0: Ball 1-0: Ball 2-0: Called Strike 2-1: SINGLE (Line Drive, 4M)
|
Pitching: LHP Luis Perea
|
|
Batting: LHB Gary Kern
|
0-0: Called Strike George Adams steals 2nd base 0-1: Ball 1-1: Ball 2-1: Swinging Strike 2-2: Ball 3-2: SINGLE (Flyball, 7S) George Adams to third Runner from 3rd tries for Home, SAFE, no throw or cutoff
|
Pinch Hitting: RHB Richard Pendergast
|
0-0: Sac Bunt - play at first, batter OUT! 1-4 Gary Kern to second
|
Batting: SHB Scott Compton
|
0-0: Intentional Walk
|
Pinch Hitting: RHB Joe Haley
|
0-0: Ball 1-0: Ball 2-0: Ball 3-0: Called Strike 3-1: Called Strike 3-2: DOUBLE (Flyball, 9D) Gary Kern scores Scott Compton to third
|
Batting: RHB Emiel van Rhee
|
0-0: Ball 1-0: Foul Ball, location: 2F 1-1: DOUBLE (Line Drive, 7LS) Scott Compton scores Joe Haley scores
|
Batting: LHB Rafael Delgado
|
0-0: Called Strike Emiel van Rhee is caught stealing 3rd base 0-1: Ball 1-1: Ball 2-1: Ball 3-1: Called Strike 3-2: SINGLE (Groundball, 56)
|
Batting: RHB Emílio Bruno
|
0-0: Ball Rafael Delgado steals 2nd base 1-0: Ball 2-0: Swinging Strike 2-1: Called Strike 2-2: Foul Ball, location: 2F 2-2: Foul Ball, location: 2F 2-2: DOUBLE (Line Drive, 9LM) Rafael Delgado scores
|
Pitching: RHP Juan Fonseca
|
|
Batting: RHB Diego Francisco
|
0-0: Called Strike 0-1: Foul Ball, location: 2F 0-2: Ball 1-2: Foul Ball, location: 2F 1-2: Foul Ball, location: 2F 1-2: Foul Ball, location: 2F 1-2: Ball 2-2: Foul Ball, location: 2F 2-2: Ball 3-2: Ground out 6-3 (Groundball, 6)
|
Top of the 7th over - 5 run(s), 6 hit(s), 0 error(s), 1 left on base; Colorado 6 - Surrey 2 |
BOTTOM OF THE 7TH |
Surrey Sinners batting - Pitching for Colorado Commanders : RHP Tomás Rodríguez
|
Now at 3B: Joe Haley
|
|
Now in LF: Richard Pendergast
|
|
Batting: RHB Gustavo Torres
|
0-0: Called Strike 0-1: Swinging Strike 0-2: Ball 1-2: Foul Ball, location: 2F 1-2: Foul Ball, location: 2F 1-2: Ball 2-2: Foul Ball, location: 2F 2-2: Strikes out swinging
|
Batting: RHB José Toro
|
0-0: Ball 1-0: Ball 2-0: Reached on error, E1 (Groundball, 15S)
|
Batting: RHB Víctor Arredondo
|
0-0: Ball 1-0: Grounds into double play, 5-4-3 (Groundball, 56)
|
Bottom of the 7th over - 0 run(s), 0 hit(s), 1 error(s), 0 left on base; Colorado 6 - Surrey 2 |
TOP OF THE 8TH |
Colorado Commanders batting - Pitching for Surrey Sinners : RHP Juan Fonseca
|
Batting: SHB George Adams
|
0-0: Ball 1-0: Foul Ball, location: 2F 1-1: Called Strike 1-2: Ball 2-2: Strikes out swinging
|
Batting: LHB Gary Kern
|
0-0: Ball 1-0: Ball 2-0: Called Strike 2-1: SINGLE (Line Drive, 8LS)
|
Batting: RHB Richard Pendergast
|
0-0: SINGLE (Flyball, 7LM) Gary Kern to second
|
Batting: SHB Scott Compton
|
0-0: Grounds into double play, 4-6-3 (Groundball, 34)
|
Top of the 8th over - 0 run(s), 2 hit(s), 0 error(s), 1 left on base; Colorado 6 - Surrey 2 |
BOTTOM OF THE 8TH |
Surrey Sinners batting - Pitching for Colorado Commanders : RHP Tomás Rodríguez
|
Batting: RHB Max Alexander
|
0-0: Ball 1-0: Foul Ball, location: 2F 1-1: Swinging Strike 1-2: Strikes out swinging
|
Batting: RHB Miguel Palácios
|
0-0: Ball 1-0: Swinging Strike 1-1: Called Strike 1-2: Ball 2-2: Ball 3-2: Foul Ball, location: 2F 3-2: Base on Balls
|
Batting: LHB Buddy Rice
|
0-0: Foul Ball, location: 2F 0-1: Fly out, F8 (Flyball, 8LS)
|
Batting: RHB Dave Anderson
|
0-0: Called Strike 0-1: Ball 1-1: Called Strike 1-2: Foul Ball, location: 2F 1-2: Strikes out swinging
|
Bottom of the 8th over - 0 run(s), 0 hit(s), 0 error(s), 1 left on base; Colorado 6 - Surrey 2 |
TOP OF THE 9TH |
Colorado Commanders batting - Pitching for Surrey Sinners : RHP Juan Fonseca
|
Batting: RHB Joe Haley
|
0-0: Ball 1-0: Ball 2-0: Ball 3-0: Base on Balls
|
Batting: RHB Emiel van Rhee
|
0-0: Bunted foul 0-1: Ball Pickoff Throw to First - Error! E1 Joe Haley to second 1-1: Bunt missed! 1-2: Ball 2-2: Ball 3-2: Base on Balls
|
Batting: LHB Rafael Delgado
|
0-0: Called Strike 0-1: Ball 1-1: Sac Bunt - play at first, batter OUT! U3 Joe Haley to third Emiel van Rhee to second
|
Batting: RHB Emílio Bruno
|
0-0: Intentional Walk
|
Pitching: RHP José González
|
|
Batting: RHB Diego Francisco
|
0-0: Ball 1-0: Fielders Choice at 3rd, U5 (Groundball, 5L) Joe Haley scores Emílio Bruno to second
|
Batting: SHB George Adams
|
0-0: Ball 1-0: Called Strike 1-1: Foul Ball, location: 2F 1-2: Foul Ball, location: 2F 1-2: Foul Ball, location: 2F 1-2: Strikes out looking
|
Top of the 9th over - 1 run(s), 0 hit(s), 1 error(s), 2 left on base; Colorado 7 - Surrey 2 |
BOTTOM OF THE 9TH |
Surrey Sinners batting - Pitching for Colorado Commanders : RHP Tomás Rodríguez
|
Pitching: RHP Manuel Zarate
|
|
Batting: RHB Omar Tobías
|
0-0: Ground out 5-3 (Groundball, 56S)
|
Batting: RHB Lorne Witcher
|
0-0: Ball 1-0: Foul Ball, location: 2F 1-1: Ball 2-1: SINGLE (Groundball, 56D)
|
Batting: RHB Gustavo Torres
|
0-0: Called Strike 0-1: Swinging Strike 0-2: Foul Ball, location: 2F 0-2: Ball 1-2: SINGLE (Line Drive, 6M) Lorne Witcher to second
|
Batting: RHB José Toro
|
0-0: Foul Ball, location: 2F 0-1: Ball 1-1: Ball 2-1: Foul Ball, location: 2F 2-2: Strikes out swinging
|
Batting: RHB Víctor Arredondo
|
0-0: Ball 1-0: Ball 2-0: Called Strike 2-1: Swinging Strike 2-2: Foul Ball, location: 2F 2-2: Foul Ball, location: 2F 2-2: SINGLE (Line Drive, 6D) Lorne Witcher to third Gustavo Torres to second
|
Pitching: RHP Tony Henderson
|
|
Batting: RHB Max Alexander
|
0-0: Ball 1-0: Ball 2-0: Called Strike 2-1: Ball 3-1: Base on Balls Lorne Witcher scores Gustavo Torres to third Víctor Arredondo to second
|
Pinch Hitting: LHB Benny Richard
|
0-0: Swinging Strike 0-1: Called Strike 0-2: Ground out 3-1 (Groundball, 34)
|
Bottom of the 9th over - 1 run(s), 3 hit(s), 0 error(s), 3 left on base; Colorado 7 - Surrey 3 |
|